AoeStats
← Portearcosol

Arabia

505429309Analyzed
1v1 RM · 24d ago on Sep 9, 2026· 52m 25s· 2 players
Game mode
Random Map
Map size
Tiny (2 player)
Population
200
Speed
Normal
Resources
Standard
Victory
Conquest
Starting age
Dark Age
Ending age
Imperial Age
RankedLock teamsTeams togetherTeam positionsShared explorationLock speedFull tech treeHidden civsTurbo modeCheats
Victory
Defeat
🇵🇹 Spanish · Portugal
494
+17
🇫🇷 Bohemians · France
521
-17
REI DELAS
13:41 Feudal Age
15:15 Wheelbarrow
14:33 Double-Bit Axe
14:47 Horse Collar
20:49 Gold Mining
24:13 Castle Age
23:21 Stone Mining
25:26 Hand Cart
25:23 Bow Saw
25:16 Heavy Plow
25:59 Stone Shaft Mining
28:05 Husbandry
28:15 Bloodlines
35:59 Pikeman
36:39 Squires
36:25 Arson
40:36 Ballistics
43:29 Imperial Age
40:46 Town Watch
40:47 Loom
41:55 Light Cavalry
44:19 Town Patrol
45:05 Halberdier
49:15 Two-Man Saw
48:04 Capped Ram
49:05 Siege Ram
52:53 Chemistry
Portearcosol
7:20 Loom
10:02 Feudal Age
11:46 Double-Bit Axe
16:19 Wheelbarrow
25:22 Castle Age
29:18 Chemistry
29:40 Wagenburg Tactics
31:41 Fletching
31:53 Padded Archer Armor
32:08 Forging
39:14 Imperial Age
37:13 Elite Skirmisher
41:34 Imperial Age
41:48 Bodkin Arrow
42:00 Scale Barding Armor
42:10 Leather Archer Armor
44:45 Hussite Reforms
Connection lost

Rejoining the realm…

Still unreachable

The connection could not be restored.

Session expired

The server has moved on; the page needs a fresh start.